Cogmind - Beta 12 @@@ ROGUE MODE // 2024.02.13 @ 06:07:18 Player: Qhaecretes Result: Destroyed by H-66 Slayer with Gauss Rifle Performance ------------- Evolutions (4) 2000 Regions Visited (6) 1200 Robots Destroyed (39) 195 Value Destroyed (1391) 1391 Prototype IDs (2) 40 Alien Tech Used (0) 0 Bonus (748) 748 TOTAL SCORE: 5574 Bonus ------- Follower Combat Kills 148 Met Imprinter 300 Was Imprinted 300 Cogmind --------- Core Integrity 0/850 Matter 130/300 Energy 66/160 System Corruption 4% Temperature Cool (0) Movement Core (150) Ox2 Location -6/Factory Parts ------- > --- POWER (1) -------- Light Fission Core > --- PROPULSION (2) --- (None) > --- UTILITY (10) ----- Improved Signal Interpreter > --- WEAPON (2) ------- (None) > --- INVENTORY (5) ---- Medium Storage Unit Datajack Peak State ------------ > --- POWER ------------ Nuclear Core > --- PROPULSION ------- Aluminum Leg Carbon-fiber Leg > --- UTILITY ---------- Advanced Heat Sink Coolant Injector Small Storage Unit Sensor Array Improved Signal Interpreter 0b10 Decoder Chip [Generic] Target Analyzer Light Armor Plating Hacking Suite Hacking Drone Bay > --- WEAPON ----------- Small Laser Small Laser > --- INVENTORY -------- Nuclear Core Aluminum Leg Small Laser Datajack [Rating: 44] Favorites ----------- Power Nuclear Core Engine Ion Engine Power Core Nuclear Core Propulsion Aluminum Leg Treads Light Treads Leg Aluminum Leg Hover Unit Hover Unit Utility Small Storage Unit Device Sensor Array Storage Small Storage Unit Processor Improved Signal Interpreter Hackware Hacking Suite Protection Light Armor Plating Weapon Small Laser Energy Gun Small Laser Ballistic Gun Autogun Ballistic Cannon Advanced Assault Cannon Special Weapon Plasma Cutter Build | -11 -10 -9 -9 -7 -6 -6 ------- Run | Jun Mat Mat Min Zio Pro Fac Slots Evolved 8 | . . 2 . . . 6 Power . | . . . . . . . Propulsion . | . . . . . . . Utility 8 | . . 2 . . . 6 Weapon . | . . . . . . . Parts Attached 68 | 7 8 20 . 3 3 27 Power 9 | 1 1 2 . . . 5 Engine 3 | 1 . 1 . . . 1 Core 6 | . 1 1 . . . 4 Reactor . | . . . . . . . Propulsion 19 | 2 4 7 . 2 1 3 Treads 2 | . . . . . . 2 Leg 16 | 2 3 7 . 2 1 1 Wheel . | . . . . . . . Hover 1 | . 1 . . . . . Flight . | . . . . . . . Utility 20 | 1 1 6 . 1 2 9 Device 8 | . 1 3 . . . 4 Storage 4 | 1 . . . . 2 1 Processor 5 | . . 2 . . . 3 Hackware 1 | . . . . . . 1 Protection 2 | . . 1 . 1 . . Artifact . | . . . . . . . Weapon 20 | 3 2 5 . . . 10 Energy Gun 12 | 1 . 4 . . . 7 Energy Cannon . | . . . . . . . Ballistic Gun 5 | 2 2 1 . . . . Ballistic Cannon 1 | . . . . . . 1 Launcher . | . . . . . . . Special Weapon 2 | . . . . . . 2 Impact Weapon . | . . . . . . . Slashing Weapon . | . . . . . . . Piercing Weapon . | . . . . . . . Special Melee Weapon . | . . . . . . . Unidentified Prototypes 2 | . . . . . . 2 Parts Lost 35 | . 6 5 . . . 24 Power 3 | . 1 1 . . . 1 Propulsion 9 | . 3 1 . . . 5 Utility 9 | . . . . . . 9 Weapon 14 | . 2 3 . . . 9 Highest Loss Streak 14 | . 2 5 . . . 14 To Critical Strikes 1 | . . . . . . 1 Average Slot Usage (%) 92 | . 89 98 100 100 100 81 Engine 1 | . 7 . . . . . Core 7 | . . 9 11 11 11 4 Leg 18 | . 20 21 22 22 22 9 Device 14 | . 12 15 11 11 11 17 Storage 10 | . 14 11 11 11 11 6 Processor 11 | . . 11 11 11 11 18 Hackware 1 | . . . . . . 5 Protection 5 | . . 6 11 11 11 2 Energy Gun 15 | . 10 15 22 22 22 10 Ballistic Gun 4 | . 16 6 . . . . Naked Turns . | . . . . . . . Heaviest Build 25 | 14 17 18 18 18 18 25 Greatest Support 40 | 20 20 20 20 20 25 40 Greatest Overweight (x) 4 | . 1 . . . . 4 Average Overweight (x) . | . . . . . . . Largest Inventory Capacity 20 | 8 8 8 8 8 20 10 Average Capacity 7 | 7 8 8 8 8 8 8 Most Carried 8 | 1 8 8 8 8 8 7 Average Carried 5 | . 5 7 8 6 7 3 Final Capacity 8 | 8 8 8 8 8 8 5 Final Carried 8 | . 8 8 8 7 8 2 Class Distribution -------------------- 67% | Scavenger-Mutant 21% | Mutant 10% | Scavenger-Skirmisher Dominant Class ---------------- Mutant | -10/Materials Scavenger-Mutant | -9/Materials Scavenger-Mutant | -9/Mines Scavenger-Mutant | -7/Zion Scavenger-Mutant | -6/Proximity Caves Scavenger-Mutant | -6/Factory Resources | -11 -10 -9 -9 -7 -6 -6 ----------- Run | Jun Mat Mat Min Zio Pro Fac Matter Collected 1107 | 231 219 452 . 26 24 155 Remotely . | . . . . . . . Salvage Created 1540 | . 357 954 . . 44 185 Parts 90 | . 29 53 . . 2 6 Haulers Intercepted . | . . . . . . . Recyclers Shooed 3 | . 1 2 . . . . Parts Field Recycled . | . . . . . . . Retrieved Matter . | . . . . . . . Parts Self-Destructed 7 | . . . . . 7 . Prevented 10 | . . . . . 10 . Kills | -11 -10 -9 -9 -7 -6 -6 ------- Run | Jun Mat Mat Min Zio Pro Fac Combat Hostiles Destroyed 32 | . 9 17 . . 1 5 Guns 30 | . 9 17 . . 1 3 Cannons 1 | . . . . . . 1 Classes Destroyed 10 | . 4 4 . . . 2 Builder 1 | . 1 . . . . . Recycler 2 | . . 2 . . . . Operator 1 | . . 1 . . . . Watcher 3 | . 2 1 . . . . Swarmer 3 | . 3 . . . . . Grunt 20 | . 6 13 . . 1 . Duelist 1 | . . 1 . . . . Sentry 4 | . . 3 . . . 1 Hunter 1 | . . . . . . 1 Programmer 3 | . . . . . . 3 Best Kill Streak 7 | . 3 7 . . 1 1 Combat Bots Only 7 | . 3 7 . . 1 1 Max Kills in Single Turn 2 | . 2 1 . . 1 1 Gunslinging . | . . . . . . . Exploded . | . . . . . . . Melee . | . . . . . . . Uniques/NPCs Destroyed . | . . . . . . . Combat | -11 -10 -9 -9 -7 -6 -6 -------- Run | Jun Mat Mat Min Zio Pro Fac Damage Taken 4191 | . 790 947 . . 95 2359 Core 1215 | . 101 244 . . 20 850 Absorbed by Shields . | . . . . . . . Core Remaining (%) 64 | 100 59 . . . 34 . Volleys Fired 171 | . 38 78 . . 4 51 Largest 2 | . 2 2 . . 2 2 Hottest 133 | . 70 80 . . 80 133 Shots Fired 320 | . 74 156 . . 8 82 Gun 293 | . 74 156 . . 8 55 Cannon 26 | . . . . . . 26 Launcher . | . . . . . . . Special 1 | . . . . . . 1 Kinetic 130 | . 59 45 . . . 26 Thermal 190 | . 15 111 . . 8 56 Explosive . | . . . . . . . Electromagnetic . | . . . . . . . Robot Hit Streak 18 | . 7 13 . . 10 18 Robot Miss Streak 9 | . 2 9 . . 1 3 Penetration Max . | . . . . . . . Secondary Targets 7 | . 3 4 . . . . Max Gunslinging Chain 1 | . 1 1 . . . . Shots Hit Robots 187 | . 46 77 . . 5 59 Core Hits 80 | . 19 42 . . 5 14 Critical Kills 1 | . . 1 . . . . Critical Parts Destroyed . | . . . . . . . Critical Strikes 6 | . . 1 . . . 5 Burn 1 | . . . . . . 1 Destroy 1 | . . 1 . . . . Blast 4 | . . . . . . 4 Melee Attacks . | . . . . . . . Impact . | . . . . . . . Slashing . | . . . . . . . Piercing . | . . . . . . . Sneak Attacks . | . . . . . . . Combat Hostiles . | . . . . . . . Follow-up Attacks . | . . . . . . . Damage Inflicted 2879 | . 795 997 . . 53 1034 Guns 2225 | . 640 997 . . 53 535 Cannons 499 | . . . . . . 499 Explosions 155 | . 155 . . . . . Melee . | . . . . . . . Ramming . | . . . . . . . Kinetic 1418 | . 512 407 . . . 499 Thermal 1461 | . 283 590 . . 53 535 Explosive . | . . . . . . . Electromagnetic . | . . . . . . . Impact . | . . . . . . . Slashing . | . . . . . . . Piercing . | . . . . . . . Highest Corruption 4 | . 1 . . . . 4 Average Corruption 1 | . 1 . . . . 2 Corruption Purged . | . . . . . . . Corruption Blocked . | . . . . . . . Effects 16 | . 3 . . . . 13 Message Errors 6 | . . . . . . 6 Matter Fused 2 | . 1 . . . . 1 Heat Flow Errors 3 | . 1 . . . . 2 Energy Discharges 2 | . . . . . . 2 Data Loss (minor) 2 | . . . . . . 2 Data Loss (major) 1 | . 1 . . . . . Overload Shots . | . . . . . . . Overflow Damage 46 | . 46 . . . . . Projectiles . | . . . . . . . Explosions 46 | . 46 . . . . . Melee . | . . . . . . . Knockbacks 5 | . . . . . . 5 Impact . | . . . . . . . Kinetic 5 | . . . . . . 5 Secondary . | . . . . . . . Self-Inflicted Damage 246 | . 246 . . . . . Shots 3 | . 3 . . . . . Rammed . | . . . . . . . Targets Rammed . | . . . . . . . Kicked . | . . . . . . . Crushed . | . . . . . . . Highest Temperature 269 | . 260 246 . . 105 269 Average Temperature 60 | . 29 61 . . 48 94 Received Heat Transfer 942 | . 225 474 . . 45 198 Siege Activations . | . . . . . . . Robots Corrupted . | . . . . . . . Combat Hostiles . | . . . . . . . Parts Fried . | . . . . . . . Impact Corruptions . | . . . . . . . Robots Melted 1 | . . . . . . 1 Combat Hostiles 1 | . . . . . . 1 Parts Melted 10 | . . 2 . . . 8 Heat Transferred 3207 | . 520 1350 . . 125 1212 Parts Sabotaged . | . . . . . . . Parts Stolen . | . . . . . . . Parts Stripped . | . . . . . . . Power Chain Reactions . | . . . . . . . Missiles Intercepted . | . . . . . . . Alert | -11 -10 -9 -9 -7 -6 -6 ------- Run | Jun Mat Mat Min Zio Pro Fac Peak Influence 381 | . 228 381 117 . . 69 Initial 117 | . . 96 117 . . 49 Average 106 | . 67 232 117 . . 24 Maximum Alert Level 1 | . 1 1 . . . . Low Security (%) 73 | 100 95 27 100 . . 100 Level 1 26 | . 4 72 . . . . Level 2 . | . . . . . . . Level 3 . | . . . . . . . Level 4 . | . . . . . . . Level 5 . | . . . . . . . High Security . | . . . . . . . Max Security . | . . . . . . . Squads Dispatched 9 | . 2 2 . . . 5 Investigation 1 | . . . . . . 1 Extermination 4 | . . . . . . 4 Reinforcement 4 | . 2 2 . . . . Assault . | . . . . . . . Garrison . | . . . . . . . Intercept . | . . . . . . . Searches Triggered . | . . . . . . . Construction Impeded . | . . . . . . . Haulers Reinforced . | . . . . . . . Active Scanning Responses . | . . . . . . . Cargo Convoy Interrupts 1 | . . . . . . 1 Stealth | -11 -10 -9 -9 -7 -6 -6 --------- Run | Jun Mat Mat Min Zio Pro Fac Distress Signals 4 | . . 3 . . . 1 Communications Jammed . | . . . . . . . Distress Signals . | . . . . . . . Times Spotted 66 | . 15 30 . . 7 14 Peak Tracking Total 12 | . 3 12 . . 6 6 Tactical Retreats 12 | . . 4 . . 3 5 Traps | -11 -10 -9 -9 -7 -6 -6 ------- Run | Jun Mat Mat Min Zio Pro Fac Traps Triggered 5 | . 2 3 . . . . Indirectly . | . . . . . . . Trap Hack Attempts . | . . . . . . . Triggered . | . . . . . . . Disarmed . | . . . . . . . Reprogrammed . | . . . . . . . Reused . | . . . . . . . Traps Extracted . | . . . . . . . Installed . | . . . . . . . Triggered 4 | . . . . . 1 3 Machines | -11 -10 -9 -9 -7 -6 -6 ---------- Run | Jun Mat Mat Min Zio Pro Fac Machines Disabled 5 | . 5 . . . . . Max in Single Turn 4 | . 4 . . . . . Machines Repaired . | . . . . . . . Machines Sabotaged . | . . . . . . . Overloaded Fab Kills . | . . . . . . . Hacking | -11 -10 -9 -9 -7 -6 -6 --------- Run | Jun Mat Mat Min Zio Pro Fac Machines Accessed 3 | . 2 . . . . 1 Terminals 3 | . 2 . . . . 1 Fabricators . | . . . . . . . Repair Stations . | . . . . . . . Recycling Units . | . . . . . . . Scanalyzers . | . . . . . . . Garrison Access . | . . . . . . . Total Hacks 4 | . 3 . . . . 1 Successful 3 | . 2 . . . . 1 Failed 1 | . 1 . . . . . Catastrophic . | . . . . . . . Database Lockouts . | . . . . . . . Manual 1 | . . . . . . 1 Terminals 4 | . 3 . . . . 1 Fabricators . | . . . . . . . Repair Stations . | . . . . . . . Recycling Units . | . . . . . . . Scanalyzers . | . . . . . . . Garrison Access . | . . . . . . . Terminal Hacks 3 | . 2 . . . . 1 Open DSF 1 | . . . . . . 1 Hauler Manifests 1 | . 1 . . . . . Zone Layout 1 | . 1 . . . . . Fabricator Hacks . | . . . . . . . Repair Station Hacks . | . . . . . . . Recycling Unit Hacks . | . . . . . . . Scanalyzer . | . . . . . . . Garrison Access Hacks . | . . . . . . . Unauthorized Hacks . | . . . . . . . Terminals . | . . . . . . . Fabricators . | . . . . . . . Repair Stations . | . . . . . . . Recycling Units . | . . . . . . . Scanalyzers . | . . . . . . . Garrison Access . | . . . . . . . Data Cores Recovered 1 | . . 1 . . . . Used . | . . . . . . . Hacking Detections 1 | . . . . . . 1 Full Trace Events . | . . . . . . . Feedback Events . | . . . . . . . Feedback Blocked . | . . . . . . . Robot Schematics Acquired . | . . . . . . . Robots Built . | . . . . . . . Authchips . | . . . . . . . Time . | . . . . . . . Total Robot Build Rating . | . . . . . . . Part Schematics Acquired . | . . . . . . . Parts Built . | . . . . . . . Authchips . | . . . . . . . Time . | . . . . . . . Total Part Build Rating . | . . . . . . . Parts Repaired . | . . . . . . . Time . | . . . . . . . Parts Recycled . | . . . . . . . Recycled Matter . | . . . . . . . Retrieved Matter . | . . . . . . . Retrieved Components . | . . . . . . . Parts Scanalyzed . | . . . . . . . Part Schematics Acquired . | . . . . . . . Parts Damaged . | . . . . . . . Bothacking | -11 -10 -9 -9 -7 -6 -6 ------------ Run | Jun Mat Mat Min Zio Pro Fac Used RIF Installer . | . . . . . . . Robots Hacked . | . . . . . . . Non-combat . | . . . . . . . Combat . | . . . . . . . Robot Hacks Applied . | . . . . . . . Relay Couplers Released . | . . . . . . . Fabnet Peak Effective % . | . . . . . . . Robots Rewired . | . . . . . . . Allies Hacked . | . . . . . . . Hacks Repelled . | . . . . . . . Allies | -11 -10 -9 -9 -7 -6 -6 -------- Run | Jun Mat Mat Min Zio Pro Fac Total Allies 4 | . . . . 4 . . Largest Group 4 | . . . . 4 4 . Highest-Rated Group 155 | . . . . 155 155 . Highest-Rated Ally 42 | . . . . 42 42 . Total Orders . | . . . . . . . Ally Attacks 26 | . . . . . 26 . Total Damage 473 | . . . . . 473 . Kills 4 | . . . . . 4 . Allies Corrupted . | . . . . . . . Allies Melted . | . . . . . . . Intel | -11 -10 -9 -9 -7 -6 -6 ------- Run | Jun Mat Mat Min Zio Pro Fac Robot Analysis Total . | . . . . . . . Derelict Logs Recovered 2 | . . . . 1 1 . Drone Launches . | . . . . . . . Drone Recoveries . | . . . . . . . Decoded 0b10 Intel 41 | . . . . . . 41 Traps 1 | . . . . . . 1 Emergency Access 3 | . . . . . . 3 Items 37 | . . . . . . 37 Exploration | -11 -10 -9 -9 -7 -6 -6 ------------- Run | Jun Mat Mat Min Zio Pro Fac Turns Passed 5004 | 75 788 1165 22 896 737 1321 Spaces Moved 2568 | 50 369 304 19 700 455 671 Core 99 | 7 . . . . . 92 Treads 56 | . . . . . . 56 Legs 2321 | 43 277 304 19 700 455 523 Wheels . | . . . . . . . Hover 92 | . 92 . . . . . Flight . | . . . . . . . Fastest Speed 50 | 50 120 120 120 120 120 50 Average Speed 119 | 110 124 120 120 120 120 114 Slowest Speed 250 | 120 190 120 120 120 120 250 Overloaded Moves . | . . . . . . . Propulsion Burnouts . | . . . . . . . Robots Hopped . | . . . . . . . Cave-ins Triggered . | . . . . . . . Exploration Rate (%) 37 | 4 63 29 13 78 67 11 Regions Visited 6 Branch Regions 3 Pre-discovered Areas . | . . . . . . . Known Exits Taken 4 | . . 1 1 1 1 . Unknown Exits Taken 2 | 1 1 . . . . . Scrap Searched 4 | . . . . 3 1 . Spaces Dug . | . . . . . . . Terrain Destroyed 20 | . 17 . . . . 3 Melee . | . . . . . . . Projectile 3 | . . . . . . 3 AOE 17 | . 17 . . . . . Terrain Rammed . | . . . . . . . Walls Destroyed . | . . . . . . . Machines Disabled . | . . . . . . . Actions | -11 -10 -9 -9 -7 -6 -6 --------- Run | Jun Mat Mat Min Zio Pro Fac Total 4197 | 67 630 954 18 757 637 1134 Wait 1349 | 9 205 540 . 45 175 375 Move 2562 | 49 368 303 18 699 454 671 Hop . | . . . . . . . Pick Up 24 | 1 10 6 . 4 . 3 Fast Attach 28 | 6 5 4 . 1 . 12 Attach 18 | 1 2 5 . . . 10 Detach 1 | . . . . . . 1 Swap 22 | . 1 11 . 2 3 5 Drop 22 | 1 1 7 . 6 1 6 Fire 171 | . 38 78 . . 4 51 Melee . | . . . . . . . Ram . | . . . . . . . Kick . | . . . . . . . Crush . | . . . . . . . Escape Stasis . | . . . . . . . Rewire . | . . . . . . . Trap . | . . . . . . . Miscellaneous . | . . . . . . . Route ------- -11/Junkyard -10/Materials (discovered 2 exits: [*Mat] / [*Min]) -9/Materials -9/Mines -7/Zion -6/Proximity Caves -6/Factory History --------- Turn | Location | Event 9 | -11/Junkyard | Discovered new exit (range 15) 76 | -11/Junkyard | Entered Materials 308 | -10/Materials | Build established: Mutant 444 | -10/Materials | Discovered new exit (range 9) 780 | -10/Materials | Discovered new exit (range 15) 864 | -10/Materials | Entered another Materials area 864 | -9/Materials | Evolved 2 slots: Utility x2 1148 | -9/Materials | Build established: Scavenger-Skirmisher 1243 | -9/Materials | Lost 5 parts (1p1n3w) 1246 | -9/Materials | Destroyed 7 combat bots 1656 | -9/Materials | Build established: Scavenger-Mutant 1823 | -9/Materials | Core integrity fell below 50% 2009 | -9/Materials | Discovered new exit (range 13) 2027 | -9/Materials | Identified exit to Mines 2029 | -9/Materials | Entered Mines 2041 | -9/Mines | A Derelict revealed a hidden shortcut to a safe place 2050 | -9/Mines | Identified exit to Zion 2051 | -9/Mines | Entered Zion 2364 | -7/Zion | Found GAL Module 2575 | -7/Zion | Imprinted 2577 | -7/Zion | Declared Zion's savior 2878 | -7/Zion | Given A8's code to call for help 2894 | -7/Zion | Discovered new exit (range 10) 2911 | -7/Zion | Given the Hacking Drone Bay 2911 | -7/Zion | Found Prototype Device 2933 | -7/Zion | Identified exit to Proximity Caves 2947 | -7/Zion | Entered Proximity Caves 2947 | -6/Proximity Caves | Accompanied by 4 allies 3653 | -6/Proximity Caves | Discovered new exit (range 15) 3661 | -6/Proximity Caves | Learned Factory machine intel 3676 | -6/Proximity Caves | Identified exit to Factory 3684 | -6/Proximity Caves | Entered Factory 3684 | -6/Factory | Evolved 6 slots: Utility x6 3685 | -6/Factory | Loaded intel: 276 machine locations 3688 | -6/Factory | Identified Hacking Drone Bay 4758 | -6/Factory | Cargo convoy interrupted 4788 | -6/Factory | Lost 5 parts (1p2n2w) 4938 | -6/Factory | Core integrity fell below 50% 4984 | -6/Factory | Core integrity fell below 20% 5005 | -6/Factory | Destroyed by H-66 Slayer with Gauss Rifle Last Messages --------------- Penetrated by Slug. Hacking Suite destroyed. Penetrated by Slug. System corrupted: Matter fused (-5). ECM Suite destroyed. U-05 Engineer lays Concrete. >> DECODED: Targeting Computer location. System corrupted: Energy discharge (-39). Acquired Plasma Cutter. Plasma Cutter destroyed. 0b10 Decoder Chip [Generic] destroyed. U-05 Engineer lays Concrete. Acquired Beamcaster. U-05 Engineer lays Concrete. Penetrated by Slug. Beamcaster destroyed. U-05 Engineer lays Concrete. Acquired Lgt. Fission Core. U-05 Engineer lays Concrete. Penetrated by Slug. Map ----- +----------------------------------------------------+ | ?# #???# """" """" ## #??# | | ?# #???# """" """" ## #??###+## | | ?# #???# #?? ???# | | ?# #???#######/##########+###### | | ?# ######??# | | ?# # #??# ############ | | ?# # #??# #??????????# | | ?# # ] #### #??????????###### | | ?# # + ##+#########???????? | | ?# # # #???????? | | ?# ###### # #???????? | | ?# # #???????? | | ?# # #???????? | | ?#""" # #???????? | | ?#""F # #???????? | | ?#"" # #???????? | | ?#""" # #???????? | | ?#""" u # #???????? | | ?# " # #???????? | | ?# " # #???????? | | ?# # ! #???????? | | ?# #|! #???????? | | ?# #! ######### | | ?# ######### # ## | | ?# # # ###+######### """""" | | ?# # ! #@! ss #????# """""" | | ?# # !;%*= s #????# """""" | | ?# + %!%#=[! #????# """""" | | ?# # !*u=#%%% % #????# | | ?# # ! #[% % #????# | | ###### ; ######## k #????# | | # # # #??????# ##########+## | | # + # #?"""??# % | | # # # #?"""??+ % % | | # " # # #?"""??# % | | # "" # + #??????# % | | # G # # #?"""??# | | # "" # # #?"""??################+## | | # " # # #?"""??????????????# | | # # # #??????????????????# """ | | ###### # #?"""??????????????# """ | | ?????# #########?"""??????????????# """ | | ?????# #?????????"""??????????????# | | ?????# #?????????????????"?"?"????# | | ?????# #?????????????????"?"?"????# |! | | ???###+####??????????????"?"?"????# |! | | ???# #??????????????"?"?"????# | | | ???# """#??????????????"?"?"????######? | | ???# """#??????????????"?"?"??????[???? | | ???# """#??????????????"?"?"?""?????""" | +----------------------------------------------------+ Best States ------------- Heat Dissipation 56 Coolant Potential 65 Energy Generation 14 Energy Capacity 250 Matter Stores 300 Matter Capacity 300 Sight Range 16 Robot Scan Range 14 Terrain Scan Range 14 Terrain Scan Density 10 ECM Strength 1 Armor Coverage 150 Evasion (%) 55 Targeting Accuracy 6 Target Analysis 5 Recoil Reduction 2 Offensive Hacking 10 Item Schematics ----------------- None Robot Schematics ------------------ None Fabricated ------------ Nothing Alien Tech Used ----------------- None Achievements -------------- None Challenges ------------ None Game ------ Seed DirtyAccelerationProtection Manual? 0 Play Time 00:42:03 Cumulative 27.6 hours Start 2024.02.13 @ 05:26:50 End 2024.02.13 @ 06:07:18 Sessions 1 Manual Loads 0 Difficulty Rogue Special Mode None Game No. 47 Rogue 47 Adventurer 0 Explorer 0 Win Type - Total 0 Types 0/0/0/0/0/0/0/0/0 Lore% 14 Gallery% 33 Achievement% 21 Wizard Run 0 Options --------- ASCII 0 Keyboard 0 Movement Mouse Keybinds 0 Fullscreen 1 Font 18/SmallcapsGlow Map View 76x50 Tactical HUD 0 Map Filters NONE Filters NONE Steam 1 RUN: 197ec404-abc7-4cbc-83f6-30f123c06070